 Dungeon Crawl Stone Soup version 0.32-a0-312-g1d7162e751 (webtiles) character file.

Game seed: 9067626820748909420

5 Essalna the Digger (level 1, 0/10 HPs)
             Began as a Deep Elf Earth Elementalist on Feb 15, 2024.
             Frozen to death by an endoplasm (5 damage)
             ... on level 1 of the Dungeon.
             The game lasted 00:00:14 (62 turns).

Essalna the Digger (Deep Elf Earth Elementalist)      Turns: 62, Time: 00:00:14

Health: 0/10       AC:  2    Str:  5    XL:     1   Next: 66%
Magic:  6/6        EV: 12    Int: 19    God:
Gold:   0          SH:  0    Dex: 15    Spells: 5/6 levels left

rFire   . . .        (no weapon)
rCold   . . .        (no shield)
rNeg    . . .        a - +0 robe
rPois   .            (no helmet)
rElec   .            (no cloak)
rCorr   .            (no gloves)
SInv    .            (no boots)
Will    .....        (no amulet)
Stlth   ++           (no ring)
HPRegen 0.21/turn    (no ring)
MPRegen 0.10/turn

%: no passive effects
@: no status effects
A: no striking features
a: no special abilities


You were on level 1 of the Dungeon.
You visited 1 branch of the dungeon, and saw 1 of its levels.

Inventory:

Armour
 a - a +0 robe (worn)


   Skills:
 - Level 2.4 Dodging
 - Level 2.4 Stealth
 + Level 3.2 Spellcasting
 + Level 1.4 Conjurations
 + Level 3.4 Earth Magic


You had 5 spell levels left.
You knew the following spells:

 Your Spells              Type           Power      Damage    Failure   Level
a - Sandblast             Erth           32%        2d9       3%          1

Your spell library contained the following spells:

 Spells                   Type           Power      Damage    Failure   Level
 Passwall                 Erth           16%        N/A       11%         3
 Stone Arrow              Conj/Erth      24%        3d8       17%         3
 Brom's Barrelling Bould  Conj/Erth      12%        2d4       50%         4
 Petrify                  Alch/Erth      9%         N/A       58%         4


Dungeon Overview and Level Annotations

Branches:
Dungeon (1/15)

Altars:


Message History

The hobgoblin shouts!
You hear an angry hiss.
A hobgoblin is nearby!
A ball python comes into view.
The ball python hisses angrily.
A jackal comes into view. x2
An endoplasm comes into view.
Found 14 gold pieces.
The jackal barks!
You hear a bark!
The blast of sand misses the hobgoblin.
The blast of sand hits the jackal.
You kill the jackal!
The blast of sand hits the hobgoblin but does no damage.
The hobgoblin misses you. The hobgoblin closely misses you.
The blast of sand hits the hobgoblin.
The hobgoblin is heavily wounded.
The hobgoblin barely misses you.
A jackal comes into view.
The blast of sand hits the hobgoblin!
You kill the hobgoblin!
The jackal barks!
You hear a bark!
The ball python bites you but does no damage.
The ball python closely misses you.
The blast of sand hits the ball python!
You kill the ball python!
The blast of sand hits the endoplasm.
The endoplasm is heavily wounded.
The endoplasm hits you but does no damage.
A jackal comes into view.
The endoplasm freezes you.
You are frozen.
Ouch! That really hurt!
You are too injured to fight recklessly!
You are too injured to fight recklessly!
You are too injured to fight recklessly!
You are too injured to fight recklessly!
Magic courses through your body.
A jackal comes into view. x2; A giant cockroach comes into view.
The endoplasm freezes you.
You are frozen.
Ouch! That really hurt!
You die...

#.# ##.## ._ ♣P..##.#
##.## P♣♣...# #.# ##.##
P♣...# #.# ##.## ....#
#.####)## ... ##.####.#
#.# ##.#.####.
Bh.######.#####.###.##.#
$.h.hhJ@....##.###.##.#.
h....######...###.##..##
#.# ##............
#############


You could see an endoplasm, 5 jackals and a giant cockroach (wandering).

Vanquished Creatures
  A hobgoblin (D:1)
  A jackal (D:1)
  A ball python (D:1)
3 creatures vanquished.

Notes
Turn   | Place    | Note
-------+----------+-------------------------------------------
     0 | D:1      | Essalna the Deep Elf Earth Elementalist began the quest for
                  | the Orb.
     0 | D:1      | Reached XP level 1. HP: 10/10 MP: 6/6
    52 | D:1      | Found a faded altar of an unknown god.
    62 | D:1      | Frozen to death by an endoplasm

Illustrated notes

Levels and vault maps discovered:
D:1:      nagdon_arrival_zigzag_paths, layout_basic,
          dreamdust_ecumenical_altar_grove, st_stairs_14

Action                     || total
---------------------------++-------
   Cast: Sandblast         ||     6
    Use: Potion            ||     1
 Armour: Robe              ||     2
  Dodge: Dodged            ||     4

Table legend: (Time is in decaauts)
 A = Elapsed time spent in this place.
 B = Non-inter-level travel time spent in this place.
 C = Inter-level travel time spent in this place.
 D = Time resting spent in this place.
 E = Time spent auto-exploring this place.
 F = Levels seen in this place.
 G = Mean time per level.
                   A        B        C        D        E       F      G
               +--------+--------+--------+--------+--------+-----+--------+
         Total |     65 |     65 |      0 |      0 |     51 |   1 |   65.0 |
       Dungeon |     65 |     65 |      0 |      0 |     51 |   1 |   65.0 |
               +--------+--------+--------+--------+--------+-----+--------+

Top non-repeatable levels by time:
     D:1: 65 daAuts
